 Dungeon Crawl Stone Soup version 0.26.1-12-g5ba1501909 (webtiles) character file.

Game seed: 11660243135842851856

1330 CoveEight the Shield-Bearer (level 8, -11/70 HPs)
             Began as a Minotaur Fighter on Dec 13, 2021.
             Mangled by an orc warrior
             ... wielding a +0 halberd
              (16 damage)
             ... on level 6 of the Dungeon.
             The game lasted 00:03:21 (3336 turns).

CoveEight the Shield-Bearer (Minotaur Fighter)      Turns: 3336, Time: 00:03:22

Health: -11/70     AC: 10    Str: 24    XL:     8   Next: 34%
Magic:  7/7        EV: 10    Int:  5    God:
Gold:   188        SH: 11    Dex:  9    Spells: 7/7 levels left

rFire    . . .     SeeInvis .   a - +0 war axe
rCold    . . .     Faith    .   c - +0 kite shield
rNeg     . . .     Spirit   .   b - +0 scale mail
rPois    .         Reflect  .   (helmet restricted)
rElec    .         Harm     .   q - +0 cloak
rCorr    .         Rampage  .   (no gloves)
Will     .....                  t - +0 pair of boots
Stlth    ..........             (no amulet)
HPRegen  0.21/turn              (no ring)
MPRegen  0.10/turn              (no ring)

@: mighty, lethally poisoned (-11 -> -13)
A: retaliatory headbutt, horns 2
a: no special abilities


You were on level 6 of the Dungeon.
You visited 1 branch of the dungeon, and saw 6 of its levels.
You also visited: Sewer.

You collected 188 gold pieces.

Inventory:

Hand Weapons
 a - a +0 war axe (weapon)
Armour
 b - a +0 scale mail (worn)
 c - a +0 kite shield (worn)
 q - a +0 cloak (worn)
 t - a +0 pair of boots (worn)
Jewellery
 o - an uncursed ring of stealth {unknown}
Wands
 p - a wand of paralysis (12)
 r - a wand of digging (4)
Scrolls
 e - a scroll of noise {unknown}
 h - 2 scrolls of identify {unknown}
 i - a scroll of fear {unknown}
 j - a scroll of amnesia {unknown}
 k - 2 scrolls of blinking {unknown}
 m - 2 scrolls of teleportation {unknown}
 s - a scroll of enchant weapon {unknown}
Potions
 d - a potion of might
 f - a potion of degeneration {unknown}
 g - 2 potions of heal wounds {unknown}
 l - a potion of resistance {unknown}
 n - a potion of haste {unknown}


   Skills:
 + Level 5.8 Fighting
 * Level 6.9 Axes
 + Level 5.8 Armour
 + Level 4.0 Dodging
 * Level 7.5 Shields


You had 7 spell levels left.
You didn't know any spells.
Your spell library was empty.

Dungeon Overview and Level Annotations

Branches:
Dungeon (6/15)             Temple (0/1) D:6           Sewer (visited)

Altars:
Gozag
Okawaru

Annotations:
D:4 3 runed translucent doors, Zeld's ghost, amateur GrEE


Innate Abilities, Weirdness & Mutations

You reflexively headbutt those who attack you in melee.
You have a pair of horns on your head.


Message History

You kill the water moccasin!
You closely miss the orc.
You feel sick. You block the orc warrior's attack.
The orc hits you but does no damage.
Your Dodging skill increases to level 4!
Unknown command.
Unknown command.
The orc hits you with a +0 flail.
* * * LOW HITPOINT WARNING * * *
Found a staircase to the Ecumenical Temple.
Things that are here:
a +0 dagger of flaming; a +0 robe; an orc corpse You closely miss the orc.
Your headbutt misses the orc.
The orc is heavily wounded.
You feel sick. The orc hits you but does no damage.
Your shield and scale mail prevent you from hitting the orc.
You headbutt the orc.
You kill the orc!
You hit the orc warrior.
You feel sick. You block the orc warrior's attack.
The orc warrior hits you from afar with a +0 halberd!
You die...

..# #.# ###
#.# ##.##
..##.##...###
........#o..#
#.##.#>###..#
#?o# ##o# #.#
##))# #.
#@..# #
#.....#
#.......#
.........#
##..........
#.§......###
#.§§§..#..
#..§..#####


You could see an orc warrior.

Vanquished Creatures
  A water moccasin (D:6)
  2 ice beasts
  A sky beast (D:6)
  A centaur (D:5)
  2 bullfrogs (Sewer)
  A water moccasin zombie (D:6)
  A scorpion (D:4)
  2 howler monkeys
  A quasit (D:6)
  A centaur zombie (D:5)
  3 hounds
  An orc wizard (D:6)
  A centaur skeleton (D:4)
  3 worker ants
  11 adders
  A river rat (D:5)
  A shadow imp (D:5)
  A white imp (D:6)
  An ufetubus (D:6)
  10 oozes
  A worm (D:5)
  12 leopard geckos
  13 orcs
  9 ball pythons
  14 giant cockroaches
  A hobgoblin (D:1)
  6 jackals
  A quokka (D:5)
  2 bats (D:1)
  11 frilled lizards
  6 goblins
  A kobold (D:1)
123 creatures vanquished.

Notes
Turn   | Place    | Note
-------+----------+-------------------------------------------
     0 | D:1      | CoveEight the Minotaur Fighter began the quest for the Orb.
     0 | D:1      | Reached XP level 1. HP: 19/19 MP: 0/0
   356 | D:1      | Reached XP level 2. HP: 27/27 MP: 1/1
   444 | D:1      | Reached skill level 4 in Shields
   980 | D:2      | Reached XP level 3. HP: 31/33 MP: 2/2
  1016 | D:3      | Reached skill level 1 in Dodging
  1019 | D:3      | Reached XP level 4. HP: 38/40 MP: 3/3
  1069 | D:4      | Reached XP level 5. HP: 46/46 MP: 4/4
  1105 | D:4      | Found a runed translucent gate.
  1105 | D:4      | Found a runed translucent gate.
  1105 | D:4      | Found a runed translucent gate.
  1105 | D:4      | Noticed Zeld's ghost (amateur GrEE)
  1144 | D:4      | Reached skill level 5 in Shields
  1432 | D:4      | Reached XP level 6. HP: 43/53 MP: 5/5
  1525 | D:5      | Entered Level 5 of the Dungeon
  1580 | D:5      | Reached skill level 5 in Axes
  1633 | D:5      | Found a glowing drain.
  1649 | Sewer    | Entered a sewer
  2050 | Sewer    | Reached skill level 6 in Shields
  2050 | Sewer    | Reached XP level 7. HP: 55/60 MP: 6/6
  2155 | Sewer    | Reached skill level 5 in Fighting
  2155 | Sewer    | Reached skill level 5 in Armour
  2760 | D:5      | Found an iron altar of Okawaru.
  2760 | D:5      | Found an opulent altar of Gozag.
  3230 | D:6      | Reached XP level 8. HP: 69/69 MP: 7/7
  3244 | D:6      | Reached skill level 7 in Shields
  3333 | D:6      | Found a staircase to the Ecumenical Temple.
  3336 | D:6      | Mangled by an orc warrior

Illustrated notes

Levels and vault maps discovered:
D:1:      lightli_arrival_lavapool, layout_loops_corners
D:2:      layout_loops_cross, hangedman_decor_lopped, kennysheep_nondescript
D:3:      layout_loops_ring, wad_orctagon, uniq_crazy_yiuf_cottage
D:4:      layout_rooms, gammafunk_ghost_split
D:5:      layout_basic, gammafunk_temple_overflow_elements,
          cheibrodos_sewer_entry_sluice
D:6:      layout_loops_ring, minmay_temple_entry_purple_smoke

Skill      XL: |  1  2  3  4  5  6  7  8 |
---------------+-------------------------+-----
Shields        | 4 5 6 7 |  7.5
Axes           | 3 4 5 6 |  6.9
Fighting       | 4 5 |  5.8
Armour         | 4 5 |  5.8
Dodging        | 1 2 3 4 |  4.0

Action                   |  1- 3 |  4- 6 |  7- 9 || total
-------------------------+-------+-------+-------++-------
Melee: War axe           |    68 |   143 |   120 ||   331
       Headbutt          |     7 |    18 |    21 ||    46
  Use: Potion            |       |       |     1 ||     1
Armor: Scale mail        |    37 |    59 |    80 ||   176
Dodge: Dodged            |    27 |    56 |    72 ||   155
Block: Kite shield       |    42 |    90 |   111 ||   243
